AoeStats
← Sir_Malmsteen

Arabia

509707160Analyzed
1v1 RM · 4d ago on Sep 27, 2026· 35m 39s· 2 players
Game mode
Random Map
Map size
Tiny (2 player)
Population
200
Speed
Normal
Resources
Standard
Victory
Conquest
Starting age
Dark Age
Ending age
Imperial Age
RankedLock teamsTeams togetherTeam positionsShared explorationLock speedFull tech treeHidden civsTurbo modeCheats
Victory
Defeat
🇦🇷 Huns · Argentina
1204
+14
🇨🇳 Khmer · China
1162
-14
FRANCO1
6:20 Loom
9:54 Feudal Age
11:04 Double-Bit Axe
11:02 Horse Collar
13:10 Bloodlines
17:27 Forging
18:56 Scale Barding Armor
19:20 Gold Mining
23:36 Castle Age
23:43 Stone Mining
24:43 Wheelbarrow
24:21 Husbandry
23:43 Light Cavalry
24:51 Bow Saw
26:28 Gold Shaft Mining
28:31 Stone Mining
30:02 Chain Barding Armor
30:18 Iron Casting
Sir_Malmsteen
9:57 Feudal Age
10:51 Double-Bit Axe
10:55 Horse Collar
18:38 Castle Age
17:07 Gold Mining
17:16 Fletching
19:12 Pikeman
20:56 Bodkin Arrow
22:16 Bow Saw
23:25 Padded Archer Armor
24:49 Leather Archer Armor
27:52 Ballistics
28:08 Wheelbarrow
28:07 Thumb Ring
28:11 Husbandry
28:03 Light Cavalry
30:54 Bloodlines
35:16 Loom
Connection lost

Rejoining the realm…

Still unreachable

The connection could not be restored.

Session expired

The server has moved on; the page needs a fresh start.